 Seeded DCSS version 0.30-a0-341-g682706514a (webtiles) character file.

Game seed: 6343297186996179794 (custom seed)

21681 koil the Nimble (level 12, -5/64 HPs)
             Began as a Spriggan Brigand on Nov 2, 2022.
             Was an Initiate of Sif Muna.
             Slain by a +2 quarterstaff of chaos (18 damage)
             ... on level 9 of the Dungeon.
             The game lasted 01:05:51 (14318 turns).

koil the Nimble (Spriggan Brigand)                 Turns: 14318, Time: 01:05:52

Health: -5/64      AC:  8    Str: 11    XL:     12   Next: 56%
Magic:  36/36      EV: 24    Int: 20    God:    Sif Muna [......]
Gold:   1239       SH:  0    Dex: 17    Spells: 18/32 levels left

rFire   . . .      SeeInvis +    a - +11 rapier of Loybyuf {flame, rPois rC+ Int+5}
rCold   + . .      Faith    .    (no shield)
rNeg    . . .      Spirit   .    z - +1 troll leather armour {Pargi}
rPois   +          Reflect  .    (helmet restricted)
rElec   .          Harm     .    c - +0 cloak
rCorr   .          Rampage  .    (gloves unavailable)
Will    +++..                    (boots unavailable)
Stlth   ++++......               (no amulet)
HPRegen 1.10/turn                u - ring of magical power
MPRegen 0.25/turn                n - ring of willpower

@: very quick
A: very small, no large weapons, unfitting armour, see invisible, speed 3,
iridescent scales 1, poison resistance, strong 1, devolution 1
a: Renounce Religion


You were on level 9 of the Dungeon.
You worshipped Sif Muna.
Sif Muna was noncommittal.
You visited 2 branches of the dungeon, and saw 12 of its levels.
You also visited: Bailey.

You collected 1239 gold pieces.

Inventory:

Hand Weapons
 a - the +11 rapier of Loybyuf (weapon) {flame, rPois rC+ Int+5}
   (You found it on level 3 of the Dungeon)

   It burns those it strikes, dealing additional fire damage.
   Int:       It affects your intelligence (+5).
   rC:        It protects you from cold.
   rPois:     It protects you from poison.
 B - a +3 dagger
Missiles
 d - 49 poisoned darts (quivered)
 e - 3 curare-tipped darts
Armour
 c - a +0 cloak (worn)
 r - a +2 robe of fire resistance
 z - a +1 troll leather armour (worn) {Pargi}
Jewellery
 b - a +6 ring of strength
 n - a ring of willpower (right hand)
 u - a ring of magical power (left hand)
 G - a ring of fire
 M - a ring of ice
Wands
 p - a wand of paralysis (13)
 t - a wand of light (3)
Scrolls
 i - 5 scrolls of teleportation
 o - 2 scrolls of vulnerability
 v - a scroll of fear
 y - a scroll of immolation
 C - a scroll of summoning
 D - 7 scrolls of magic mapping
 F - a scroll of enchant armour
 X - a scroll of blinking
Potions
 f - 4 potions of lignification
 g - 4 potions of brilliance
 k - a potion of might
 q - 3 potions of resistance
 K - a potion of heal wounds
 O - 3 potions of flight
 Q - 4 potions of mutation
 S - 8 potions of curing
 U - a potion of haste
 Y - a potion of cancellation


   Skills:
 + Level 7.6 Fighting
 + Level 10.1 Short Blades
 - Level 2.0 Throwing
 + Level 11.8 Dodging
 - Level 10.0 Stealth
 + Level 10.6 Spellcasting
 + Level 5.8 Conjurations
 - Level 7.0 Poison Magic


You had 18 spell levels left.
You knew the following spells:

 Your Spells              Type           Power      Damage    Failure   Level
a - Olgreb's Toxic Radia  Pois           38%        N/A       4%          4
b - Orb of Destruction    Conj           16%        9d7       100%        7
c - Dazzling Flash        Conj/Hex       44%        N/A       8%          3

Your spell library contained the following spells:

 Spells                   Type           Power      Damage    Failure   Level
 Hailstorm                Conj/Ice       22%        3d7       8%          3
 Freeze                   Ice            40%        1d6       9%          1
 Call Canine Familiar     Summ           10%        N/A       26%         3
 Frozen Ramparts          Ice            20%        1d4       26%         3
 Ozocubu's Armour         Ice            10%        N/A       26%         3
 Portal Projectile        Hex/Tloc       20%        N/A       26%         3
 Summon Guardian Golem    Hex/Summ       10%        N/A       26%         3
 Tukima's Dance           Hex            10%        N/A       26%         3
 Leda's Liquefaction      Hex/Erth       5%         N/A       65%         4
 Passage of Golubria      Tloc           10%        N/A       65%         4
 Agony                    Necr           10%        N/A       94%         5
 Metabolic Englaciation   Hex/Ice        5%         N/A       94%         5
 Silence                  Hex/Air        5%         N/A       94%         5
 Yara's Violent Unravell  Hex/Tmut       5%         3d4       94%         5
 Simulacrum               Ice/Necr       5%         N/A       100%        6
 Ozocubu's Refrigeration  Ice            5%         4d8       100%        7
 Spellforged Servitor     Conj/Summ      11%        N/A       100%        7
 Ignition                 Fire           5%         3d4       100%        8


Dungeon Overview and Level Annotations

Branches:
Dungeon (11/15)            Temple (1/1) D:7            Lair (0/5) D:9
    Orc (0/2) D:10         Bailey (visited)

Altars:
Ashenzari
Cheibriados
Dithmenos
Elyvilon
Fedhas
Gozag
Hepliaklqana
Kikubaaqudgha
Makhleb
Nemelex Xobeh
Okawaru
Qazlal
Ru
Sif Muna
Trog
Uskayaw
Vehumet
Wu Jian
Xom
Yredelemnul
Zin
The Shining One

Shops:
D:9 :

Annotations:
D:9 McGhostyFace's ghost, novice GnHW; sirJeffrey23's ghost, journeyman FoFi


Innate Abilities, Weirdness & Mutations

You are very small and have problems with some larger weapons.
You are too small for most types of armour.
You have supernaturally acute eyesight. (SInv)
You cover ground extremely quickly. (Speed+++)
You are partially covered in iridescent scales. (AC +2)
Your system is resistant to poisons. (rPois)
Your muscles are strong. (Str +4, Int/Dex -1)
You have hidden genetic defects.


Message History

The +2 quarterstaff of chaos barely misses you.
You puncture the +2 quarterstaff of chaos!
The +2 quarterstaff of chaos is heavily damaged.
The +2 quarterstaff of chaos hits you!! The +2 quarterstaff of chaos burns you.
You miss the +2 quarterstaff of chaos.
The +2 quarterstaff of chaos is heavily damaged.
The +2 quarterstaff of chaos hits you!
The +2 quarterstaff of chaos draws strength from your wounds!
Things that are here:
a +0 ring mail; a +0 whip
Items here: ))) [[.
You see here a +0 short sword.
Aiming: Paralyse
Press: ? - help, Shift-Dir - straight line, f - you
Okay, then.
Aiming: Bolt of Light
Press: ? - help, Shift-Dir - straight line, f - +2 quarterstaff of chaos
Aim: a +2 quarterstaff of chaos (40% to hit)
The bolt of light hits the +2 quarterstaff of chaos!
The +2 quarterstaff of chaos is heavily damaged.
The +2 quarterstaff of chaos barely misses you.
Unknown command.
Unknown command.
Aiming: Bolt of Light
Press: ? - help, Shift-Dir - straight line, f/p - +2 quarterstaff of chaos
Aim: a +2 quarterstaff of chaos (heavily damaged, 40% to hit)
The bolt of light hits the +2 quarterstaff of chaos!
The +2 quarterstaff of chaos is severely damaged.
The +2 quarterstaff of chaos hits you!
* * * LOW HITPOINT WARNING * * *
The +2 quarterstaff of chaos burns you.
* * * LOW HITPOINT WARNING * * *
The +2 quarterstaff of chaos hits you.
* * * LOW HITPOINT WARNING * * *
The +2 quarterstaff of chaos burns you.
* * * LOW HITPOINT WARNING * * *
You feel much better. The +2 quarterstaff of chaos hits you!!
* * * LOW HITPOINT WARNING * * *
You are electrocuted!!
You die...

#.....
########.....
#............
#.#.####~♣♣♣♣
######.#.~~~♣~~♣♣♣
#..)[[.♣♣♣~PP~~~P~
#.####~~♣P~~P~~≈≈≈
#(##P♣~~~~~~~≈≈≈≈≈
#@#♣~~~♣~~♣~≈≈≈≈≈≈
#.~♣~~~~~~≈≈≈≈≈≈≈≈
#.P~~~~~~~≈≈≈≈≈≈≈≈
##~~~~P~~~~~≈≈≈≈≈≈
##P♣~P~~P~~≈≈≈≈≈≈
##~♣~~~♣~P≈~≈≈≈≈
##♣PP~~P~P~~~≈≈
##~~~♣♣~~P~~P
##♣♣♣P~♣~♣~~


You could see a +2 quarterstaff of chaos.

Vanquished Creatures
  The ghost of greasedhog the Basher, a journeyman AtFi of Okawaru (D:10)
  Erica (D:10)
  A boulder beetle (D:11)
  The ghost of Tollund the Carver, a journeyman GnRe of Hepliaklqana (D:10)
  4 two-headed ogres
  The ghost of DasBelly the Arsonist, a journeyman DEFE of Vehumet (D:10)
  The ghost of GiantSquids the Changer, a novice OgTm of Makhleb (D:9)
  Amaemon (D:9)
  Pikel (D:6)
  An ugly thing (D:11)
  An orc knight (D:10)
  A manticore (D:10)
  Joseph (D:10)
  An orange demon (D:9)
  2 gargoyles
  A kobold demonologist (D:11)
  Maggie (D:6)
  A komodo dragon (D:7)
  3 trolls
  2 hornets
  Grinder (D:3)
  Prince Ribbit (D:5)
  2 wyverns
  13 yaks
  A wraith (D:11)
  2 vampires
  A vampire mosquito (D:7)
  Menkaure (D:5)
  3 steam dragons
  An acid dragon (D:10)
  3 water moccasins
  3 black bears
  3 ice beasts
  Pargi (D:3)
  6 orc warriors
  A sky beast (D:7)
  4 ogres
  6 centaurs
  A phantom (D:5)
  3 kobold brigands
  2 bullfrogs (D:9)
  Blork the orc (D:4)
  2 necrophages
  A gnoll sergeant (D:6)
  5 scorpions
  6 wights
  12 killer bees
  An electric eel (D:9)
  4 howler monkeys
  8 vampire bats
  8 wolf zombies (Bailey)
  A bullfrog zombie (D:5)
  2 jellies (D:5)
  13 orc priests
  3 hounds
  Crazy Yiuf (D:3)
  Jessica (D:3)
  12 iguanas
  15 orc wizards
  7 gnolls
  6 adders
  A white imp (D:7)
  2 ufetubi (D:5)
  An adder zombie (D:5)
  A worm (D:4)
  3 dart slugs
  3 fire bats (D:3)
  45 orcs
  2 spectral bats (D:3)
  4 ball pythons
  3 bat skeletons (D:3)
  A bat zombie (D:3)
  4 endoplasms
  2 giant cockroaches
  7 hobgoblins
  3 jackals (D:4)
  5 quokkas
  16 bats
  A bat simulacrum (D:3)
  7 frilled lizards
  8 goblins
  25 kobolds
  19 orc zombies (Bailey)
  4 rats
362 creatures vanquished.

Vanquished Creatures (others)
  2 howler monkeys
  2 orcs (D:8)
  2 fungi
  46 plants
  3 toadstools (D:10)
55 creatures vanquished.

Grand Total: 417 creatures vanquished

Notes
Turn   | Place    | Note
-------+----------+-------------------------------------------
     0 | D:1      | koil the Spriggan Brigand began the quest for the Orb.
     0 | D:1      | Reached XP level 1. HP: 10/10 MP: 2/2
   377 | D:1      | Reached XP level 2. HP: 15/15 MP: 2/4
   794 | D:2      | Reached skill level 1 in Spellcasting
   906 | D:2      | Reached skill level 2 in Dodging
  1534 | D:2      | Reached XP level 3. HP: 15/18 MP: 5/5
  1711 | D:3      | Noticed Jessica
  1721 | D:3      | Killed Jessica
  1846 | D:3      | Reached XP level 4. HP: 23/23 MP: 7/7
  1928 | D:3      | Found a faded altar of an unknown god.
  1928 | D:3      | Identified the +11 rapier of Loybyuf {flame, rPois rC+
                  | Int+5}
  1962 | D:3      | HP: 1/23 [orc/+0 trident (5)]
  2245 | D:3      | Reached skill level 3 in Dodging
  2245 | D:3      | Reached XP level 5. HP: 27/27 MP: 9/9
  2513 | D:3      | Noticed Grinder
  2533 | D:3      | Killed Grinder
  2534 | D:3      | Reached skill level 4 in Dodging
  2534 | D:3      | Reached XP level 6. HP: 32/32 MP: 10/12
  2581 | D:3      | Found a runed translucent door.
  2582 | D:3      | Noticed Crazy Yiuf
  2793 | D:3      | Noticed Pargi
  2799 | D:3      | Killed Pargi
  2800 | D:3      | Reached XP level 7. HP: 36/36 MP: 13/13
  2913 | D:3      | Killed Crazy Yiuf
  2965 | D:4      | Noticed Blork the orc
  3031 | D:4      | Killed Blork the orc
  3142 | D:4      | Reached skill level 5 in Dodging
  3267 | D:4      | Reached skill level 5 in Short Blades
  3267 | D:4      | Reached XP level 8. HP: 33/42 MP: 14/16
  3451 | D:4      | Reached skill level 5 in Spellcasting
  3579 | D:5      | Entered Level 5 of the Dungeon
  3617 | D:5      | Reached skill level 6 in Dodging
  3642 | D:5      | Noticed Menkaure
  3649 | D:5      | Killed Menkaure
  3656 | D:5      | Learned a level 4 spell: Olgreb's Toxic Radiance
  3664 | D:5      | Learned a level 7 spell: Orb of Destruction
  3772 | D:5      | Noticed Prince Ribbit
  3776 | D:5      | Killed Prince Ribbit
  3777 | D:5      | Reached skill level 1 in Conjurations
  3777 | D:5      | Reached skill level 1 in Poison Magic
  3817 | D:5      | Found a basalt altar of Yredelemnul.
  3970 | D:5      | Reached XP level 9. HP: 35/46 MP: 18/18
  4036 | D:5      | Reached skill level 10 in Stealth
  4277 | D:5      | Reached skill level 7 in Dodging
  4688 | D:6      | Noticed Pikel
  4808 | D:6      | Killed Pikel
  4809 | D:6      | Reached skill level 5 in Fighting
  5355 | D:6      | Noticed Maggie
  5367 | D:6      | Killed Maggie
  5368 | D:6      | Reached skill level 8 in Dodging
  5531 | D:7      | Reached XP level 10. HP: 47/51 MP: 21/21
  5552 | D:7      | You fall into a shaft and drop 2 floors!
  5559 | D:9      | Found a runed translucent door.
  5560 | D:9      | Found a shimmering altar of Xom.
  5560 | D:9      | Noticed McGhostyFace's ghost (novice GnHW)
  5560 | D:9      | Noticed a +2 quarterstaff of chaos
  5732 | D:9      | Noticed a two-headed ogre
  5772 | D:9      | Killed a two-headed ogre
  6089 | D:9      | Found Enuves's Book Emporium.
  6107 | D:9      | Found a staircase to the Lair.
  6130 | D:9      | Noticed an orange demon
  6132 | D:9      | Noticed Amaemon
  6137 | D:9      | Killed an orange demon
  6140 | D:9      | Killed Amaemon
  6141 | D:9      | Reached skill level 9 in Dodging
  6426 | D:10     | Entered Level 10 of the Dungeon
  6442 | D:10     | Reached skill level 5 in Poison Magic
  6734 | D:10     | Noticed Joseph
  6736 | D:10     | Found a staircase to the Orcish Mines.
  6763 | D:10     | Found a runed translucent gate.
  6788 | D:10     | Killed Joseph
  6789 | D:10     | Reached XP level 11. HP: 19/56 MP: 24/24
  6872 | D:10     | Found a runed translucent gate.
  6872 | D:10     | Found a runed translucent gate.
  6873 | D:10     | Noticed GiantSquids's ghost (novice OgTm)
  6873 | D:10     | Noticed sirJeffrey23's ghost (journeyman FoFi)
  6873 | D:10     | Noticed DasBelly's ghost (journeyman DEFE)
  6873 | D:10     | Noticed Tollund's ghost (journeyman GnRe)
  6875 | D:10     | Noticed greasedhog's ghost (journeyman AtFi)
  6945 | D:10     | Noticed an orc knight
  7011 | D:10     | Killed an orc knight
  7075 | D:10     | Noticed a two-headed ogre
  7256 | D:10     | Found a flagged portal.
  7270 | Bailey   | Entered a bailey
  7336 | Bailey   | Reached skill level 10 in Dodging
  7885 | D:10     | Found a sparkling altar of Nemelex Xobeh.
  7885 | D:10     | Noticed a two-headed ogre
  7961 | D:10     | Killed a two-headed ogre
  8195 | D:10     | Killed a two-headed ogre
  8424 | D:10     | Noticed Erica
  8539 | D:10     | Killed Erica
  8766 | D:10     | Found a staircase to the Orcish Mines.
  9037 | D:10     | Found a sparkling altar of Nemelex Xobeh.
  9600 | D:9      | Killed GiantSquids's ghost
  9673 | D:10     | Killed greasedhog's ghost
  9674 | D:10     | Reached skill level 5 in Conjurations
  9694 | D:10     | Killed Tollund's ghost
  9728 | D:10     | Killed DasBelly's ghost
  9729 | D:10     | Reached XP level 12. HP: 63/63 MP: 26/26
 10011 | D:10     | Identified the amulet "Huxu" {Faith rF+}
 10028 | D:10     | Learned a level 3 spell: Dazzling Flash
 10151 | D:10     | Found a sparkling altar of Nemelex Xobeh.
 10482 | D:10     | Found a staircase to the Orcish Mines.
 10946 | D:11     | Reached skill level 11 in Dodging
 11366 | D:11     | Noticed a boulder beetle
 11396 | D:11     | Killed a boulder beetle
 11397 | D:11     | Reached skill level 10 in Spellcasting
 13093 | D:7      | Reached skill level 10 in Short Blades
 13094 | D:7      | Found a staircase to the Ecumenical Temple.
 13189 | D:7      | Noticed a two-headed ogre
 13191 | D:7      | Found a transporter.
 13242 | D:7      | Found a transporter.
 13261 | D:7      | Found a blossoming altar of Fedhas.
 13496 | Temple   | Entered the Ecumenical Temple
 13902 | Temple   | Became a worshipper of Sif Muna the Loreminder
 13950 | Temple   | Gained mutation: You are weak. (Str -2) [potion of
                  | mutation]
 13950 | Temple   | Gained mutation: You have hidden genetic defects. [potion
                  | of mutation]
 13950 | Temple   | Gained mutation: You are strong-willed. (Will+) [potion of
                  | mutation]
 13950 | Temple   | Gained mutation: You have a pair of small horns on your
                  | head. [potion of mutation]
 13987 | Temple   | Lost mutation: You are strong-willed. (Will+) [potion of
                  | mutation]
 13987 | Temple   | Lost mutation: You have a pair of small horns on your head.
                  | [potion of mutation]
 13987 | Temple   | Lost mutation: You are weak. (Str -2) [potion of mutation]
 13987 | Temple   | Gained mutation: Your muscles are strong. (Str +4, Int/Dex
                  | -1) [potion of mutation]
 13987 | Temple   | Gained mutation: You are partially covered in iridescent
                  | scales. (AC +2) [potion of mutation]
 13987 | Temple   | Gained mutation: Your system is resistant to poisons.
                  | (rPois) [potion of mutation]
 14147 | D:7      | Killed a two-headed ogre
 14318 | D:9      | Slain by a +2 quarterstaff of chaos

Illustrated notes

Levels and vault maps discovered:
D:1:      dpeg_arrival_rooms_c, layout_loops_ring
D:2:      layout_basic
D:3:      layout_basic, ebering_ecumenical_altar_mist, serial_forest,
          infiniplex_forest_lined_4_way, infiniplex_forest_clump_long,
          infiniplex_forest_clump_curved, infiniplex_forest_clump_medium,
          infiniplex_forest_lined_1, infiniplex_forest_clump_small,
          infiniplex_forest_lined_room_, infiniplex_forest_clump_double,
          goddamned_bats, uniq_pargi, uniq_grinder, uniq_jessica,
          uniq_crazy_yiuf_cottage
D:4:      layout_rooms, kennysheep_orc_chapel, uniq_blork_the_orc
D:5:      kennysheep_kobold_camp, layout_rooms, lemuel_zombie_altar_yredelemnul,
          serial_curves, eino_curves_02, eino_curves_02, uniq_prince_ribbit1,
          uniq_menkaure
D:6:      layout_basic, kennysheep_generic_room_14, uniq_pikel, uniq_maggie
D:7:      layout_cave_pools, gammafunk_temple_overflow_arena,
          minmay_temple_entry_gardened_gates, minmay_lizard_king
D:8:      layout_basic
D:9:      layout_roguey, grunt_lair_entry_orc_guard_hut, ebering_ghost_xom,
          serial_shops, nicolae_shop_behind_doors, serial_bayou_lake_a,
          uniq_amaemon
D:10:     minmay_opposing_rooms, layout_cave_pods, amcnicky_altar_gilded,
          david_orc_3, enter_bailey_3, gammafunk_ghost_cemetery,
          chequers_serial_rivers_room_b, minmay_gold_behind_fungi, uniq_erica,
          uniq_joseph
D:11:     layout_roguey
Temple:   compressed_dpeg_triangle_lava_temple

Skill      XL: |  1  2  3  4  5  6  7  8  9 10 11 12 |
---------------+-------------------------------------+-----
Stealth        | 6 7 8 9 10 | 10.0
Spellcasting   | 1 2 3 4 5 7 8 9 10 | 10.6
Dodging        | 2 3 4 5 6 8 9 10 11 | 11.8
Fighting       | 2 3 4 5 6 7 |  7.6
Short Blades   | 3 4 5 7 8 9 10 | 10.1
Conjurations   | 1 2 4 5 |  5.8
Poison Magic   | 1 3 5 6 7 |  7.0
Throwing       | |  2.0

Action                   |  1- 3 |  4- 6 |  7- 9 | 10-12 || total
-------------------------+-------+-------+-------+-------++-------
Melee: Dagger            |    97 |    35 |       |       ||   132
       Punch             |     1 |       |     1 |     7 ||     9
       Rapier            |       |    54 |   278 |   611 ||   943
Throw: Dart              |     2 |     6 |     4 |    76 ||    88
 Cast: Dazzling Flash    |       |       |       |     2 ||     2
Evoke: Wand              |       |     2 |     2 |    18 ||    22
  Use: Scroll            |       |       |       |    19 ||    19
       Potion            |       |       |       |     4 ||     4
 Stab: Sleeping          |    17 |     6 |     9 |    18 ||    50
       Paralysed         |       |     1 |     2 |     4 ||     7
       Distracted        |       |       |     2 |       ||     2
       Invisible         |       |       |       |     4 ||     4
Armor: Robe              |     9 |     9 |       |       ||    18
       Troll leather arm |       |       |    22 |    49 ||    71
Dodge: Dodged            |    40 |    84 |   188 |   421 ||   733

Table legend: (Time is in decaauts)
 A = Elapsed time spent in this place.
 B = Non-inter-level travel time spent in this place.
 C = Inter-level travel time spent in this place.
 D = Time resting spent in this place.
 E = Time spent auto-exploring this place.
 F = Levels seen in this place.
 G = Mean time per level.
                   A        B        C        D        E       F      G
               +--------+--------+--------+--------+--------+-----+--------+
         Total |   9614 |   8960 |    654 |    288 |   5613 |  13 |  739.5 |
       Dungeon |   8992 |   8346 |    646 |    249 |   5328 |  11 |  817.5 |
        Temple |    321 |    314 |      7 |      6 |    193 |   1 |  321.0 |
        Bailey |    301 |    301 |      0 |     33 |     91 |   1 |  301.0 |
               +--------+--------+--------+--------+--------+-----+--------+

Top non-repeatable levels by time:
    D:10: 2430 daAuts
     D:3: 914 daAuts
     D:9: 893 daAuts
     D:5: 703 daAuts
     D:6: 693 daAuts
     D:2: 666 daAuts
    D:11: 656 daAuts
     D:8: 535 daAuts
     D:7: 528 daAuts
     D:1: 502 daAuts
     D:4: 467 daAuts
  Temple: 321 daAuts
  Bailey: 301 daAuts
